 Dungeon Crawl Stone Soup version 0.30-a0-613-gdd512c7efb (webtiles) character file.

Game seed: 13517572313201928749

1172 bmack86 the Trooper (level 8, 0/73 HPs)
             Began as a Minotaur Fighter on Jan 8, 2023.
             Slain by Edmund
             ... wielding a +2 flail of protection
              (2 damage)
             ... on level 6 of the Dungeon.
             The game lasted 00:11:38 (3976 turns).

bmack86 the Trooper (Minotaur Fighter)              Turns: 3976, Time: 00:11:39

Health: 0/73       AC: 10    Str: 23    XL:     8   Next: 18%
Magic:  7/7        EV: 15    Int:  5    God:
Gold:   319        SH:  5    Dex: 10    Spells: 7/7 levels left

rFire   + . .      SeeInvis .    a - +1 war axe
rCold   . . .      Faith    .    c - +0 buckler
rNeg    . . .      Spirit   .    s - +2 ring mail {rF+}
rPois   .          Reflect  .    (helmet restricted)
rElec   .          Harm     .    (no cloak)
rCorr   .          Rampage  .    j - +1 pair of gloves
Will    .....                    (no boots) Stlth
                                 (no amulet)
HPRegen 0.32/turn                e - +5 ring of evasion
MPRegen 0.10/turn                (no ring)

@: slowed, very slow
A: horns 2, retaliatory headbutt
a: no special abilities


You were on level 6 of the Dungeon.
You visited 1 branch of the dungeon, and saw 6 of its levels.

You collected 319 gold pieces.

Inventory:

Hand Weapons
 a - a +1 war axe (weapon)
Missiles
 q - 4 boomerangs (quivered)
Armour
 c - a +0 buckler (worn)
 j - a +1 pair of gloves (worn)
 s - a +2 ring mail of fire resistance (worn)
Jewellery
 e - a +5 ring of evasion (left hand)
 w - a ring of ice
 x - a ring of fire
Wands
 t - a wand of polymorph (2)
Scrolls
 f - a scroll of enchant weapon
 h - a scroll of silence
 i - a scroll of blinking {unknown}
 m - 2 scrolls of enchant armour {unknown}
 n - a scroll of fog
 p - 2 scrolls of teleportation
 u - a scroll of acquirement {unknown}
 v - a scroll of summoning
Potions
 b - a potion of attraction
 d - 2 potions of might
 g - 6 potions of heal wounds
 k - a potion of mutation
 l - a potion of berserk rage
 o - a potion of lignification
 r - a potion of degeneration


   Skills:
 * Level 7.4 Fighting
 * Level 6.7 Axes
 + Level 2.7 Throwing
 + Level 5.7 Armour
 + Level 5.8 Shields


You had 7 spell levels left.
You didn't know any spells.
Your spell library contained the following spells:

 Spells                   Type           Power      Damage    Failure   Level
 Kiss of Death            Conj/Necr      0%         2d5       71%         1
 Necrotise                Necr           0%         1d4       71%         1
 Blink                    Tloc           0%         N/A       83%         2
 Momentum Strike          Conj/Tloc      0%         3d8       83%         2
 Confusing Touch          Hex            0%         N/A       97%         3
 Ignite Poison            Fire/Tmut/Pois 0%         N/A       97%         3
 Lesser Beckoning         Tloc           0%         N/A       97%         3
 Vampiric Draining        Necr           0%         2d6       97%         3
 Dispel Undead            Necr           0%         3d6       100%        4
 Sticky Flame             Conj/Fire      0%         2d3       100%        4
 Agony                    Necr           0%         N/A       100%        5
 Ignition                 Fire           0%         3d3       100%        8


Dungeon Overview and Level Annotations

Branches:
Dungeon (6/15)             Temple (0/1) D:6

Altars:
Ashenzari
Dithmenos
Elyvilon
Qazlal
Sif Muna
Wu Jian

Annotations:
D:6 Edmund


Innate Abilities, Weirdness & Mutations

You have a pair of horns on your head.
You reflexively headbutt those who attack you in melee.


Message History

You block the kobold brigand's attack. Edmund closely misses you.
You slash Edmund! You headbutt Edmund, but do no damage.
Edmund is lightly wounded.
You hit the kobold brigand.
You feel sick.
Your orc wizard dissolves into shadows!
The hound seems less confused.
The kobold brigand hits you with a +0 whip.
* * * LOW HITPOINT WARNING * * *
Edmund hits you with a +2 flail of protection.
* * * LOW HITPOINT WARNING * * *
Your sky beast hits Edmund but does no damage.
The kobold brigand misses you. You furiously retaliate!
You headbutt the kobold brigand!
Edmund hits you with a +2 flail of protection.
* * * LOW HITPOINT WARNING * * *
You barely miss Edmund.
Edmund is lightly wounded.
You barely miss the kobold brigand.
You feel sick.
You are no longer poisoned.
Your sky beast flickers out of sight for a moment.
Your sky beast closely misses Edmund.
You block the kobold brigand's attack.
Edmund hits you with a +2 flail of protection.
* * * LOW HITPOINT WARNING * * *
Your sky beast hits Edmund but does no damage.
The hound completely misses you.
You closely miss Edmund.
Edmund is lightly wounded.
You slash the kobold brigand!
You kill the kobold brigand!
You slash the hound! The hound completely misses you. Edmund barely misses you.
You furiously retaliate!
You headbutt Edmund.
Your sky beast hits Edmund but does no damage.
The hound closely misses you. You furiously retaliate!
You headbutt the hound, but do no damage.
You block Edmund's attack.
Your sky beast hits Edmund but does no damage.
The hound bites you.
* * * LOW HITPOINT WARNING * * *
Edmund hits you with a +2 flail of protection.
You die...

... #.......#.#.##
.... #..#####.....#
.."..##..######.#.##
.............#....!#
...#.#.#.#.#.##.#.##
............#.....#
#.#....Y..#..#.# ##
#.....h@)......
#.#...@...#..#.
#............#
#.#.......#..#
#$...........#
#.#.#.#.#.#..#
#............#
##..####.###.# ..#
.# #


You could see Edmund (ally target), a hound and a friendly sky beast (summoned).

Vanquished Creatures
  Grinder (D:4)
  2 ice beasts
  A black bear (D:3)
  A kobold brigand (D:6)
  2 bullfrogs (D:6)
  A scorpion (D:5)
  A hound (D:5)
  A gnoll bouda (D:5)
  2 iguanas
  4 orc wizards
  7 gnolls (D:5)
  4 adders
  2 white imps (D:6)
  An ufetubus (D:4)
  2 worms
  4 dart slugs
  13 orcs
  10 ball pythons
  7 endoplasms
  4 giant cockroaches
  8 hobgoblins
  2 jackals (D:1)
  4 quokkas
  10 bats
  17 frilled lizards
  A goblin (D:4)
  4 kobolds
  8 rats
124 creatures vanquished.

Vanquished Creatures (others)
  4 plants (D:3)
4 creatures vanquished.

Grand Total: 128 creatures vanquished

Notes
Turn   | Place    | Note
-------+----------+-------------------------------------------
     0 | D:1      | bmack86 the Minotaur Fighter began the quest for the Orb.
     0 | D:1      | Reached XP level 1. HP: 19/19 MP: 0/0
   173 | D:1      | Reached XP level 2. HP: 27/27 MP: 1/1
   224 | D:1      | Found a faded altar of an unknown god.
   256 | D:1      | Reached skill level 4 in Fighting
   696 | D:1      | Reached XP level 3. HP: 33/33 MP: 2/2
   999 | D:2      | Found a stormy altar of Qazlal.
  1606 | D:3      | Found a shimmering blue altar of Sif Muna.
  1615 | D:3      | Noticed a black bear
  1621 | D:3      | Killed a black bear
  1622 | D:3      | Reached XP level 4. HP: 36/41 MP: 3/3
  1622 | D:3      | Reached XP level 5. HP: 41/47 MP: 4/4
  1731 | D:3      | Reached skill level 5 in Fighting
  1792 | D:3      | Found a shadowy altar of Dithmenos.
  2377 | D:4      | Found a white marble altar of Elyvilon.
  2401 | D:4      | Found an ornate altar of the Wu Jian Council.
  2499 | D:4      | Found a broken altar of Ashenzari.
  2503 | D:4      | Saw a vision of the Swamp and the Spider Nest.
  2503 | D:4      | Noticed a swamp dragon
  2503 | D:4      | Noticed a ghost crab
  2503 | D:4      | Noticed a swamp drake
  2503 | D:4      | Noticed an eleionoma
  2503 | D:4      | Noticed an alligator
  2503 | D:4      | Noticed an eight-headed hydra
  2503 | D:4      | Noticed a jumping spider
  2503 | D:4      | Noticed a demonic crawler
  2503 | D:4      | Noticed a boulder beetle
  2503 | D:4      | Noticed a jumping spider
  2503 | D:4      | Noticed a culicivora
  2503 | D:4      | Noticed a redback
  2503 | D:4      | Noticed a redback
  2503 | D:4      | Noticed a jumping spider
  2503 | D:4      | Noticed a sun moth
  2503 | D:4      | Noticed a jumping spider
  2503 | D:4      | Noticed a redback
  2504 | D:4      | Noticed a wolf spider
  2504 | D:4      | Noticed a redback
  2505 | D:4      | Noticed a redback
  2506 | D:4      | Noticed a boulder beetle
  2540 | D:4      | Reached XP level 6. HP: 44/56 MP: 5/5
  2560 | D:4      | Noticed Grinder
  2583 | D:4      | Paralysed by Grinder for 5 turns
  2591 | D:4      | Killed Grinder
  2592 | D:4      | Reached skill level 6 in Fighting
  2592 | D:4      | Reached skill level 5 in Axes
  2592 | D:4      | Reached skill level 1 in Throwing
  2592 | D:4      | Reached skill level 5 in Armour
  2592 | D:4      | Reached skill level 5 in Shields
  2592 | D:4      | Reached XP level 7. HP: 8/63 MP: 6/6
  3119 | D:5      | Entered Level 5 of the Dungeon
  3150 | D:5      | Identified the +7 short sword of the Imperium {heavy, rN+}
  3926 | D:6      | Reached skill level 7 in Fighting
  3928 | D:6      | Reached XP level 8. HP: 64/73 MP: 7/7
  3963 | D:6      | Found a staircase to the Ecumenical Temple.
  3963 | D:6      | Noticed Edmund
  3974 | D:6      | HP: 3/73 [Edmund/+2 flail of protection (2)]
  3975 | D:6      | HP: 1/73 [hound (2)]
  3976 | D:6      | Slain by Edmund

Illustrated notes

Levels and vault maps discovered:
D:1:      saegor_arrival_fortress, layout_basic,
          chequers_ecumenical_altar_simple, minmay_nonomino_d4
D:2:      layout_basic, basic_altar
D:3:      layout_loops_ring, grunt_dithmenos_smoke, led_sif_pool,
          minmay_lizard_king
D:4:      layout_cave_pools, pdpol_wu_jian_five_deadly_venoms,
          mainiacjoe_overflow_alcove_4, grunt_ashenzari_visionary
          [grunt_ashenzari_visionary_swamp, grunt_ashenzari_visionary_spider],
          uniq_grinder
D:5:      layout_loops_ring
D:6:      layout_basic, nicolae_gozag_seed_capital, zin_purify,
          lemuel_doored_altar, minmay_temple_entry_glass, serial_shops, shop,
          serial_bayou_pond_b, reono_crystal_passage, st_stairs_13,
          uniq_eustachio, uniq_edmund, uniq_blork_the_orc

Skill      XL: |  1  2  3  4  5  6  7 |
---------------+----------------------+-----
Axes           | 3 4 5 6 |  6.7
Fighting       | 4 5 6 7 |  7.4
Shields        | 4 5 |  5.8
Armour         | 4 5 |  5.7
Throwing       | 1 2 |  2.7

Action                   |  1- 3 |  4- 6 |  7- 9 || total
-------------------------+-------+-------+-------++-------
Melee: War axe           |    98 |   102 |    51 ||   251
       Headbutt          |     8 |     6 |    10 ||    24
       Unarmed           |       |     1 |       ||     1
Throw: Boomerang         |       |     6 |     4 ||    10
  Use: Scroll            |     4 |     5 |     3 ||    12
Armor: Scale mail        |    52 |    40 |       ||    92
       Ring mail         |       |    32 |    13 ||    45
Dodge: Dodged            |    54 |    67 |    52 ||   173
Block: Buckler           |    25 |    23 |    10 ||    58

Table legend: (Time is in decaauts)
 A = Elapsed time spent in this place.
 B = Non-inter-level travel time spent in this place.
 C = Inter-level travel time spent in this place.
 D = Time resting spent in this place.
 E = Time spent auto-exploring this place.
 F = Levels seen in this place.
 G = Mean time per level.
                   A        B        C        D        E       F      G
               +--------+--------+--------+--------+--------+-----+--------+
         Total |   4066 |   3970 |     96 |    161 |   2532 |   6 |  677.7 |
       Dungeon |   4066 |   3970 |     96 |    161 |   2532 |   6 |  677.7 |
               +--------+--------+--------+--------+--------+-----+--------+

Top non-repeatable levels by time:
     D:1: 952 daAuts
     D:4: 829 daAuts
     D:5: 808 daAuts
     D:3: 724 daAuts
     D:2: 684 daAuts
     D:6: 65 daAuts
